AoeStats
← ME_DEPRIME_JUGAR_CON_USTEDES

Pilgrims

507947026Analyzed
4v4 RM · 11d ago on Sep 20, 2026· 25m 34s· 8 players
Game mode
Random Map
Map size
Large (8 player)
Population
200
Speed
Normal
Resources
Standard
Victory
Conquest
Starting age
Dark Age
Ending age
Imperial Age
RankedLock teamsTeams togetherTeam positionsShared explorationLock speedFull tech treeHidden civsTurbo modeCheats
Victory
Defeat
1571
+14
🇭🇰 Tupi · Hong Kong SAR China
1557
+14
🇫🇷 Japanese · France
1512
+16
🇩🇪 Shu · Germany
1470
+19
🇭🇰 Britons · Hong Kong SAR China
1544
-17
🇭🇰 Ethiopians · Hong Kong SAR China
1527
-16
🇦🇺 Goths · Australia
1522
-16
🇭🇰 Huns · Hong Kong SAR China
1490
-14
dennis2_02
6:38 Loom
12:40 Feudal Age
17:33 Double-Bit Axe
18:08 Fletching
18:18 Padded Archer Armor
20:31 Castle Age
pigpig_aoe
7:25 Loom
11:24 Feudal Age
12:58 Wheelbarrow
17:19 Castle Age
16:12 Double-Bit Axe
17:48 Fishing Lines
18:21 Medium Warships
18:26 Bow Saw
19:24 Town Watch
19:33 Horse Collar
20:33 Gillnets
21:08 Heavy Plow
politeOil
3:33 Loom
13:27 Feudal Age
17:40 Castle Age
KITCHIUYEAH
3:49 Loom
5:58 Loom
12:09 Feudal Age
18:11 Wheelbarrow
JCPJ.Philipp
6:41 Loom
11:53 Feudal Age
15:46 Castle Age
17:40 Fletching
hypn0s
3:34 Loom
10:19 Feudal Age
14:28 Castle Age
13:42 Double-Bit Axe
15:26 Bow Saw
15:49 Medium Warships
22:07 Wheelbarrow
22:12 Fletching
22:35 Forging
25:40 Guard Tower
25:42 Fletching
survivorsteven
4:21 Loom
4:35 Loom
13:23 Feudal Age
17:07 Castle Age
17:05 Double-Bit Axe
17:20 Fletching
18:21 Fishing Lines
18:55 Bodkin Arrow
23:40 Wheelbarrow
23:17 Bow Saw
22:48 Horse Collar
22:59 Gold Mining
24:55 Padded Archer Armor
ME_DEPRIME_JUGAR_CON_USTEDES
7:07 Loom
13:41 Feudal Age
25:56 Castle Age
24:12 Double-Bit Axe
24:42 Horse Collar
Connection lost

Rejoining the realm…

Still unreachable

The connection could not be restored.

Session expired

The server has moved on; the page needs a fresh start.